 Dungeon Crawl Stone Soup version 0.29.0-4-gdea44cf6ec (webtiles) character file.

Game seed: 4409114285084357072

10747 qw the Grappler (level 11, -4/105 HPs)
             Began as a Troll Cinder Acolyte on Sept 3, 2022.
             Was an Initiate of Okawaru.
             Slain by a shadow (6 damage)
             ... on level 11 of the Dungeon.
             The game lasted 00:05:34 (9021 turns).

qw the Grappler (Troll Cinder Acolyte)              Turns: 9021, Time: 00:05:34

Health: -4/105     AC:  9    Str: 28    XL:     11   Next: 40%
Magic:  11/11      EV:  8    Int: 10    God:    Okawaru [......]
Gold:   645        SH:  7    Dex:  5    Spells: 12/12 levels left

rFire   . . .      SeeInvis .     - Unarmed
rCold   + . .      Faith    .   n - +0 kite shield
rNeg    + . .      Spirit   .   i - +2 robe {rC+}
rPois   +          Reflect  .   (helmet restricted)
rElec   .          Harm     .   g - +2 cloak
rCorr   .          Rampage  .   (gloves unavailable)
Will    +....                   (boots unavailable)
Stlth   +.........              (no amulet)
HPRegen 1.87/turn               e - ring of positive energy
MPRegen 0.12/turn               j - ring of willpower

@: fire susceptible
A: large, unfitting armour, claws 3, regeneration 2, shaggy fur 1, tough skin 1,
poison resistance, wild magic 1
a: Renounce Religion


You were on level 11 of the Dungeon.
You worshipped Okawaru.
Okawaru was noncommittal.
You visited 1 branch of the dungeon, and saw 11 of its levels.
You also visited: Ossuary.

You collected 645 gold pieces.


Innate Abilities, Weirdness & Mutations

You are too large for most types of armour.
You have claws for hands.
You heal very quickly.
You are covered in fur. (AC +1)
You have tough skin. (AC +1)
Your system is resistant to poisons. (rPois)
Your spells are a little harder to cast, but a little more powerful.


   Skills:
 - Level 6.2 Fighting
 - Level 5.1 Throwing
 - Level 1.1 Armour
 - Level 1.5 Dodging
 + Level 6.1 Shields
 - Level 14.1 Unarmed Combat
 - Level 1.0 Spellcasting
 - Level 2.1 Fire Magic


You had 12 spell levels left.
You didn't know any spells.
Your spell library contained the following spells:

 Spells                   Type           Power      Damage    Failure   Level
 Scorch                   Fire           12%        2d6       50%         2

Inventory:

Missiles
 f - 2 boomerangs
 l - 2 large rocks (quivered)
Armour
 g - a +2 cloak (worn)
 i - a +2 robe of cold resistance (worn)
 n - a +0 kite shield (worn)
 s - +0 steam dragon scales
Jewellery
 b - a ring of fire
 d - a ring of positive energy
 e - a ring of positive energy (left claw)
 h - a ring of fire
 j - a ring of willpower (right claw)
 t - a ring of ice
Scrolls
 c - 4 scrolls of identify
 k - a scroll of brand weapon
 p - a scroll of enchant weapon
 u - a scroll of enchant armour
Potions
 a - 5 potions of curing
 m - 4 potions of mutation
 q - a potion of cancellation
 r - 2 potions of haste

Dungeon Overview and Level Annotations

Branches:
Dungeon (11/15)            Temple (0/1) D:4             Orc (0/2) D:10
Ossuary (visited)
   Lair: D:8-11

Altars:
Hepliaklqana
Okawaru
Vehumet

Shops:
D:1 *   D:5 *

Annotations:
D:3 1 runed translucent door, qw's ghost, amateur FoCA


Message History

The shadow closely misses you.
Your Shields skill increases to level 6!
You barely miss the shadow. The killer bee closely misses you.
You block the killer bee's attack. The killer bee barely misses you.
The killer bee stings you. You block the shadow's attack.
You scratch the shadow but do no damage.
The killer bee stings you. You block the killer bee's attack. x2
The killer bee barely misses you.
The shadow slips into darkness.
The shadow flickers and vanishes!
Deactivating autopickup; reactivate with Ctrl-A.
The killer bee stings you. You block the killer bee's attack.
You mangle the killer bee!!
You kill the killer bee!
Okawaru accepts your kill. You block the killer bee's attack.
The killer bee barely misses you.
The shadow strikes at you from the darkness!
Reactivating autopickup.
The killer bee closely misses you.
The killer bee stings you but does no damage.
The electric eel shoots out a bolt of lightning at you!
The bolt of electricity hits you! x2
9019 ||| DRINKING potion of heal wounds.
You feel much better.
You block the killer bee's attack. x2; The shadow hits you.
The killer bee stings you but does no damage.
The killer bee stings you.
The electric eel shoots out a bolt of lightning at you!
The bolt of electricity hits you! The bolt of electricity hits you.
You closely miss the shadow. The killer bee stings you.
The killer bee closely misses you. The shadow hits you.
You scratch the shadow but do no damage.
The killer bee barely misses you. You block the killer bee's attack.
The electric eel shoots out a bolt of lightning at you!
The bolt of electricity hits you! The bolt of electricity hits you.
The killer bee barely misses you. You block the killer bee's attack.
The shadow hits you.
You die...

.. #.......# .....
#.......# .....
#########.......#
.....##...............#
......#...............#
......................+
$..................%..#
~.~.~..W.######....<..#
~.~.~S.[@# ###+#......
~.~.~~.yy# #####..
~.~~~~~..# . ~.~~~~~..#
~.hh~~...# ..hhh~...#
~.yhh~~..# ...yh~~...
....~~.~~.


You could see a shadow, 4 wolves, 4 hounds, 4 killer bees and an electric eel.

Vanquished Creatures
  Fannar (D:10)
  Erica (D:10)
  A two-headed ogre (D:9)
  Nergalle (D:10)
  Pikel (D:8)
  A komodo dragon (D:11)
  A troll (D:11)
  A wyvern (D:10)
  10 yaks (D:9)
  A steam dragon (D:10)
  Menkaure (D:5)
  3 acid dragons
  A water moccasin (D:7)
  A swamp drake (D:10)
  3 orc warriors
  2 black bears
  3 ice beasts
  5 ogres
  5 centaurs
  A lemure (D:8)
  3 phantoms
  A kobold brigand (D:8)
  Blork the orc (D:5)
  5 bullfrogs
  A necrophage (D:5)
  2 gnoll sergeants
  4 scorpions
  5 water moccasin zombies (Ossuary)
  4 wights (D:8)
  9 killer bees
  8 howler monkeys
  4 hounds
  2 jellies (D:6)
  2 gnoll boudas
  7 orc priests
  3 iguanas
  Ijyb (D:5)
  14 orc wizards
  3 mummies
  20 gnolls
  8 adders
  A white imp (D:6)
  An ufetubus (D:3)
  7 adder zombies (Ossuary)
  5 dart slugs
  42 orcs
  11 endoplasms
  2 giant cockroaches
  4 gnoll zombies (Ossuary)
  7 goblins
  6 hobgoblins
  2 jackals (D:1)
  3 quokkas
  11 ball pythons
  5 bats
  A frilled lizard (D:1)
  3 hobgoblin zombies (Ossuary)
  12 kobolds
  3 kobold zombies (Ossuary)
  3 orc zombies (Ossuary)
  5 rats (D:2)
285 creatures vanquished.

Notes
Turn   | Place    | Note
-------+----------+-------------------------------------------
     0 | D:1      | qw the Troll Cinder Acolyte began the quest for the Orb.
     0 | D:1      | Reached XP level 1. HP: 22/22 MP: 1/1
     0 | D:1      | 0 ||| qw: Version: 0.1-a-102-g441f92d
     0 | D:1      | 0 ||| qw: Game counter: 5218
     0 | D:1      | 0 ||| qw: Always use a shield: true
     0 | D:1      | 0 ||| qw: God list: Okawaru
     0 | D:1      | 0 ||| qw: Allow faded altars: false
     0 | D:1      | 0 ||| qw: Do Orc after D:15 true
     0 | D:1      | 0 ||| qw: Do second Lair branch before Depths: true
     0 | D:1      | 0 ||| qw: Lair rune preference: random
     0 | D:1      | 0 ||| qw: Plans: Normal
     0 | D:1      | 0 ||| PLANNING D:1-11
    14 | D:1      | 14 ||| Stepping ~*~*~tactically~*~*~ (stealth).
    50 | D:1      | Found Xuk Ocs's Assorted Antiques.
    65 | D:1      | 65 ||| Stepping ~*~*~tactically~*~*~ (outnumbered).
    66 | D:1      | 66 ||| Stepping ~*~*~tactically~*~*~ (outnumbered).
    67 | D:1      | 67 ||| Stepping ~*~*~tactically~*~*~ (outnumbered).
    68 | D:1      | 68 ||| Stepping ~*~*~tactically~*~*~ (outnumbered).
    69 | D:1      | 69 ||| Stepping ~*~*~tactically~*~*~ (outnumbered).
    73 | D:1      | Reached XP level 2. HP: 17/29 MP: 2/2
    74 | D:1      | 74 ||| Stepping ~*~*~tactically~*~*~ (outnumbered).
    75 | D:1      | 75 ||| Stepping ~*~*~tactically~*~*~ (outnumbered).
    77 | D:1      | 77 ||| Stepping ~*~*~tactically~*~*~ (outnumbered).
    78 | D:1      | 78 ||| Stepping ~*~*~tactically~*~*~ (outnumbered).
    79 | D:1      | 79 ||| Stepping ~*~*~tactically~*~*~ (outnumbered).
    80 | D:1      | 80 ||| Stepping ~*~*~tactically~*~*~ (outnumbered).
    81 | D:1      | 81 ||| INVOKING Fiery Armour.
    83 | D:1      | 83 ||| Stepping ~*~*~tactically~*~*~ (outnumbered).
    85 | D:1      | 85 ||| Stepping ~*~*~tactically~*~*~ (outnumbered).
   126 | D:1      | 126 ||| SHOPLISTING brown potion (18 gold, have 11).
   126 | D:1      | 126 ||| SHOPLISTING fuming amethyst potion (18 gold, have
                  | 11).
   126 | D:1      | 126 ||| SHOPLISTING lumpy grey potion (18 gold, have 11).
   126 | D:1      | 126 ||| SHOPLISTING scroll labelled MISYSU ICUISK (21 gold,
                  | have 11).
   126 | D:1      | 126 ||| SHOPLISTING scroll labelled QESAUG VUENTATS (21
                  | gold, have 11).
   299 | D:1      | 299 ||| Stepping ~*~*~tactically~*~*~ (hiding).
   300 | D:1      | 300 ||| Stepping ~*~*~tactically~*~*~ (hiding).
   310 | D:1      | Reached skill level 4 in Unarmed Combat
   324 | D:1      | 324 ||| Stepping ~*~*~tactically~*~*~ (stealth).
   325 | D:1      | 325 ||| Stepping ~*~*~tactically~*~*~ (stealth).
   437 | D:1      | Reached XP level 3. HP: 36/36 MP: 3/3
   635 | D:1      | 635 ||| Stepping ~*~*~tactically~*~*~ (hiding).
   744 | D:1      | 744 ||| UPGRADING to +0 cloak.
   749 | D:1      | 749 ||| DROPPING amulet of magic regeneration.
   750 | D:1      | 750 ||| DROPPING ring of wizardry.
   751 | D:1      | 751 ||| UPGRADING to ring of positive energy.
   752 | D:1      | 752 ||| READING scroll labelled FEB ZUACKO.
   753 | D:1      | 753 ||| Stepping randomly (stuck).
   754 | D:1      | 754 ||| Stepping ~*~*~tactically~*~*~ (cloud).
   842 | D:2      | 842 ||| READING scroll labelled GOURHASHREGG.
  1045 | D:2      | Found a faded altar of an unknown god.
  1047 | D:2      | Noticed a great orb of eyes
  1054 | D:2      | Noticed an eye of devastation
  1060 | D:2      | Noticed a floating eye
  1060 | D:2      | Noticed a golden eye
  1472 | D:2      | 1472 ||| READING scroll labelled PUSTROGR XUCA.
  1473 | D:2      | 1473 ||| READING scroll labelled MISYSU ICUISK.
  1474 | D:2      | 1474 ||| READING scroll labelled LUDEDY ETIHURA.
  1524 | D:3      | 1524 ||| INVOKING Fiery Armour.
  1527 | D:3      | Reached XP level 4. HP: 44/44 MP: 4/4
  1531 | D:3      | Reached skill level 5 in Unarmed Combat
  1564 | D:3      | 1564 ||| Stepping ~*~*~tactically~*~*~ (outnumbered).
  1565 | D:3      | 1565 ||| Stepping ~*~*~tactically~*~*~ (outnumbered).
  1566 | D:3      | 1566 ||| Stepping ~*~*~tactically~*~*~ (outnumbered).
  1567 | D:3      | 1567 ||| Stepping ~*~*~tactically~*~*~ (outnumbered).
  1568 | D:3      | 1568 ||| Stepping ~*~*~tactically~*~*~ (outnumbered).
  1575 | D:3      | Reached XP level 5. HP: 45/50 MP: 5/5
  1642 | D:3      | 1642 ||| Stepping ~*~*~tactically~*~*~ (hiding).
  1646 | D:3      | 1646 ||| INVOKING Fiery Armour.
  1653 | D:3      | Reached skill level 6 in Unarmed Combat
  1763 | D:3      | 1763 ||| Stepping ~*~*~tactically~*~*~ (hiding).
  1880 | D:3      | Found a runed translucent door.
  2290 | D:3      | Noticed qw's ghost (amateur FoCA)
  2292 | D:3      | 2292 ||| DRINKING 2 fuming purple potions.
  2404 | D:4      | 2404 ||| Stepping ~*~*~tactically~*~*~ (stealth).
  2426 | D:4      | 2426 ||| DRINKING potion of curing.
  2426 | D:4      | 2426 ||| (to cure confusion)
  2569 | D:4      | 2569 ||| Stepping ~*~*~tactically~*~*~ (hiding).
  2571 | D:4      | 2571 ||| INVOKING Fiery Armour.
  2574 | D:4      | Reached XP level 6. HP: 59/59 MP: 6/6
  2589 | D:4      | 2589 ||| Stepping ~*~*~tactically~*~*~ (stealth).
  2611 | D:4      | Found a staircase to the Ecumenical Temple.
  2620 | D:4      | Reached skill level 7 in Unarmed Combat
  2697 | D:4      | 2697 ||| Stepping ~*~*~tactically~*~*~ (stealth).
  2767 | D:4      | 2767 ||| INVOKING Fiery Armour.
  2781 | D:4      | 2781 ||| Stepping ~*~*~tactically~*~*~ (stealth).
  2783 | D:4      | 2783 ||| Stepping ~*~*~tactically~*~*~ (stealth).
  3057 | D:4      | 3057 ||| Stepping ~*~*~tactically~*~*~ (stealth).
  3058 | D:4      | 3058 ||| Stepping ~*~*~tactically~*~*~ (stealth).
  3103 | D:4      | 3103 ||| READING scroll labelled NOHIB MEUZXAON.
  3204 | D:4      | 3204 ||| READING scroll labelled WUGITU XOUTOEF.
  3212 | D:5      | Entered Level 5 of the Dungeon
  3212 | D:5      | Noticed Blork the orc
  3212 | D:5      | Found Ypaets's Overcharged Wands.
  3213 | D:5      | Noticed Ijyb
  3214 | D:5      | 3214 ||| INVOKING Fiery Armour.
  3219 | D:5      | Killed Ijyb
  3225 | D:5      | Killed Blork the orc
  3226 | D:5      | Reached skill level 8 in Unarmed Combat
  3226 | D:5      | Reached XP level 7. HP: 47/66 MP: 7/7
  3228 | D:5      | Reached skill level 3 in Fighting
  3229 | D:5      | 3229 ||| FLEEEEING.
  3230 | D:5      | 3230 ||| FLEEEEING.
  3232 | D:5      | 3232 ||| Stepping ~*~*~tactically~*~*~ (hiding).
  3233 | D:5      | 3233 ||| Stepping ~*~*~tactically~*~*~ (hiding).
  3237 | D:5      | 3237 ||| Stepping ~*~*~tactically~*~*~ (hiding).
  3240 | D:5      | 3240 ||| STAIRDANCE
  3242 | D:5      | 3242 ||| STAIRDANCE
  3261 | D:5      | 3261 ||| STAIRDANCE
  3272 | D:5      | Reached skill level 9 in Unarmed Combat
  3272 | D:5      | 3272 ||| STAIRDANCE
  3292 | D:5      | 3292 ||| SHOPLISTING wand of digging (11) (693 gold, have
                  | 150).
  3309 | D:5      | Reached skill level 1 in Throwing
  3312 | D:5      | Found an iron altar of Okawaru.
  3316 | D:5      | 3316 ||| Stepping ~*~*~tactically~*~*~ (hiding).
  3317 | D:5      | 3317 ||| Stepping ~*~*~tactically~*~*~ (hiding).
  3318 | D:5      | 3318 ||| Stepping ~*~*~tactically~*~*~ (hiding).
  3319 | D:5      | 3319 ||| Stepping ~*~*~tactically~*~*~ (hiding).
  3321 | D:5      | 3321 ||| Stepping ~*~*~tactically~*~*~ (outnumbered).
  3322 | D:5      | 3322 ||| Stepping ~*~*~tactically~*~*~ (outnumbered).
  3323 | D:5      | 3323 ||| Stepping ~*~*~tactically~*~*~ (outnumbered).
  3325 | D:5      | Reached skill level 1 in Dodging
  3457 | D:5      | Reached XP level 8. HP: 73/75 MP: 8/8
  3486 | D:5      | Noticed Menkaure
  3489 | D:5      | 3489 ||| INVOKING Fiery Armour.
  3493 | D:5      | HP: 17/75 [??? (11)]
  3494 | D:5      | Killed Menkaure
  3495 | D:5      | 3495 ||| FLEEEEING.
  3496 | D:5      | 3496 ||| FLEEEEING.
  3497 | D:5      | 3497 ||| FLEEEEING.
  3498 | D:5      | 3498 ||| FLEEEEING.
  3499 | D:5      | 3499 ||| FLEEEEING.
  3499 | D:5      | HP: 11/75 [orc warrior/silver boomerang (6)]
  3500 | D:5      | 3500 ||| FLEEEEING.
  3506 | D:5      | 3506 ||| FLEEEEING.
  3507 | D:5      | 3507 ||| FLEEEEING.
  3508 | D:5      | 3508 ||| FLEEEEING.
  3509 | D:5      | 3509 ||| FLEEEEING.
  3510 | D:5      | 3510 ||| FLEEEEING.
  3511 | D:5      | 3511 ||| FLEEEEING.
  3512 | D:5      | 3512 ||| FLEEEEING.
  3513 | D:5      | 3513 ||| FLEEEEING.
  3514 | D:5      | 3514 ||| FLEEEEING.
  3515 | D:5      | 3515 ||| FLEEEEING.
  3516 | D:5      | 3516 ||| FLEEEEING.
  3517 | D:5      | 3517 ||| STAIRDANCE
  3563 | D:4      | 3563 ||| UPGRADING to +2 robe of cold resistance.
  3573 | D:4      | 3573 ||| DROPPING +0 robe.
  3574 | D:4      | 3574 ||| UPGRADING to ring of willpower.
  3575 | D:4      | 3575 ||| READING 2 scrolls of identify.
  3575 | D:4      | 3575 ||| IDENTIFYING murky clear potion
  3576 | D:4      | 3576 ||| DROPPING potion of lignification.
  3579 | D:5      | 3579 ||| Stepping ~*~*~tactically~*~*~ (hiding).
  3581 | D:5      | 3581 ||| Stepping ~*~*~tactically~*~*~ (hiding).
  3584 | D:5      | 3584 ||| Stepping ~*~*~tactically~*~*~ (outnumbered).
  3596 | D:5      | 3596 ||| FLEEEEING.
  3597 | D:5      | 3597 ||| FLEEEEING.
  3598 | D:5      | 3598 ||| FLEEEEING.
  3600 | D:5      | 3600 ||| FLEEEEING.
  3627 | D:5      | Reached skill level 10 in Unarmed Combat
  3694 | D:5      | 3694 ||| Stepping ~*~*~tactically~*~*~ (stealth).
  3911 | D:5      | 3911 ||| DRINKING 2 murky coppery potions.
  3912 | D:5      | 3912 ||| DROPPING potion of degeneration.
  3928 | D:6      | 3928 ||| PLANNING OSSUARY
  3971 | D:6      | 3971 ||| Stepping ~*~*~tactically~*~*~ (stealth).
  3973 | D:6      | 3973 ||| Stepping ~*~*~tactically~*~*~ (hiding).
  4033 | D:6      | Reached skill level 3 in Throwing
  4062 | D:6      | 4062 ||| Stepping ~*~*~tactically~*~*~ (hiding).
  4063 | D:6      | 4063 ||| Stepping ~*~*~tactically~*~*~ (hiding).
  4070 | D:6      | 4070 ||| Stepping ~*~*~tactically~*~*~ (hiding).
  4100 | D:6      | Found a hazy altar of Hepliaklqana.
  4100 | D:6      | Found a radiant altar of Vehumet.
  4101 | D:6      | 4101 ||| Stepping randomly (stuck).
  4205 | D:6      | Reached XP level 9. HP: 84/84 MP: 9/9
  4217 | D:6      | 4217 ||| INVOKING Fiery Armour.
  4276 | D:6      | Reached skill level 11 in Unarmed Combat
  4295 | D:6      | 4295 ||| FLEEEEING.
  4296 | D:6      | 4296 ||| FLEEEEING.
  4297 | D:6      | 4297 ||| FLEEEEING.
  4298 | D:6      | 4298 ||| Stepping ~*~*~tactically~*~*~ (hiding).
  4464 | D:6      | Found a sand-covered staircase.
  4466 | D:6      | 4466 ||| READING scroll labelled XERIEQ YTAIGH.
  4470 | D:6      | 4470 ||| READING 2 scrolls of identify.
  4470 | D:6      | 4470 ||| IDENTIFYING emerald potion
  4471 | D:6      | 4471 ||| DROPPING potion of berserk rage.
  4479 | Ossuary  | Entered an ossuary
  4482 | Ossuary  | 4482 ||| Stepping ~*~*~tactically~*~*~ (outnumbered).
  4503 | Ossuary  | 4503 ||| INVOKING Fiery Armour.
  4534 | Ossuary  | 4534 ||| Stepping ~*~*~tactically~*~*~ (stealth).
  4639 | Ossuary  | 4639 ||| READING scroll labelled QESAUG VUENTATS.
  4644 | Ossuary  | 4644 ||| DRINKING 3 lumpy grey potions.
  4644 | Ossuary  | Gained mutation: Your system is resistant to poisons.
                  | (rPois) [potion of mutation]
  4644 | Ossuary  | Gained mutation: You heal very quickly. [potion of
                  | mutation]
  4644 | Ossuary  | Gained mutation: Your spells are a little harder to cast,
                  | but a little more powerful. [potion of mutation]
  4645 | Ossuary  | 4645 ||| DRINKING 3 fuming yellow potions.
  4646 | Ossuary  | 4646 ||| READING 5 scrolls of identify.
  4646 | Ossuary  | 4646 ||| IDENTIFYING bubbling orange potion
  4647 | Ossuary  | 4647 ||| READING 4 scrolls of identify.
  4647 | Ossuary  | 4647 ||| IDENTIFYING lumpy white potion
  4648 | Ossuary  | 4648 ||| DROPPING potion of magic.
  4649 | Ossuary  | 4649 ||| DROPPING 2 potions of flight.
  4658 | D:6      | 4658 ||| PLANNING D:1-11
  4929 | D:7      | 4929 ||| Stepping ~*~*~tactically~*~*~ (hiding).
  5126 | D:7      | 5126 ||| Stepping ~*~*~tactically~*~*~ (stealth).
  5163 | D:7      | Reached skill level 12 in Unarmed Combat
  5829 | D:7      | 5829 ||| DRINKING 2 ruby potions.
  5830 | D:7      | 5830 ||| READING 3 scrolls of identify.
  5830 | D:7      | 5830 ||| IDENTIFYING glowing emerald potion
  5831 | D:7      | 5831 ||| DROPPING potion of brilliance.
  5881 | D:8      | 5881 ||| INVOKING Fiery Armour.
  5885 | D:8      | 5885 ||| Stepping ~*~*~tactically~*~*~ (outnumbered).
  5886 | D:8      | 5886 ||| Stepping ~*~*~tactically~*~*~ (outnumbered).
  5888 | D:8      | 5888 ||| Stepping ~*~*~tactically~*~*~ (outnumbered).
  5894 | D:8      | 5894 ||| Stepping ~*~*~tactically~*~*~ (outnumbered).
  5897 | D:8      | 5897 ||| Stepping ~*~*~tactically~*~*~ (outnumbered).
  5898 | D:8      | 5898 ||| Stepping ~*~*~tactically~*~*~ (outnumbered).
  5899 | D:8      | 5899 ||| Stepping ~*~*~tactically~*~*~ (outnumbered).
  5900 | D:8      | 5900 ||| Stepping ~*~*~tactically~*~*~ (outnumbered).
  5910 | D:8      | HP: 19/85 [wight/+5 spear (8)]
  5911 | D:8      | 5911 ||| DRINKING 2 potions of heal wounds.
  5965 | D:8      | 5965 ||| Stepping ~*~*~tactically~*~*~ (outnumbered).
  5966 | D:8      | 5966 ||| Stepping ~*~*~tactically~*~*~ (outnumbered).
  5967 | D:8      | 5967 ||| Stepping ~*~*~tactically~*~*~ (outnumbered).
  5968 | D:8      | 5968 ||| Stepping ~*~*~tactically~*~*~ (outnumbered).
  5969 | D:8      | 5969 ||| Stepping ~*~*~tactically~*~*~ (outnumbered).
  5970 | D:8      | 5970 ||| Stepping ~*~*~tactically~*~*~ (outnumbered).
  5975 | D:8      | Reached XP level 10. HP: 83/95 MP: 10/10
  5976 | D:8      | 5976 ||| Stepping ~*~*~tactically~*~*~ (outnumbered).
  5980 | D:8      | 5980 ||| Stepping ~*~*~tactically~*~*~ (outnumbered).
  5984 | D:8      | 5984 ||| FLEEEEING.
  5985 | D:8      | 5985 ||| FLEEEEING.
  5986 | D:8      | 5986 ||| FLEEEEING.
  5987 | D:8      | 5987 ||| FLEEEEING.
  5988 | D:8      | 5988 ||| FLEEEEING.
  5989 | D:8      | 5989 ||| FLEEEEING.
  5990 | D:8      | 5990 ||| FLEEEEING.
  5991 | D:8      | 5991 ||| FLEEEEING.
  5992 | D:8      | 5992 ||| FLEEEEING.
  5993 | D:8      | 5993 ||| FLEEEEING.
  5995 | D:8      | 5995 ||| FLEEEEING.
  5996 | D:8      | 5996 ||| FLEEEEING.
  6081 | D:8      | 6081 ||| READING scroll of enchant armour.
  6081 | D:8      | 6081 ||| ENCHANTING +0 cloak.
  6116 | D:8      | Noticed Pikel
  6117 | D:8      | 6117 ||| Stepping ~*~*~tactically~*~*~ (stealth).
  6125 | D:8      | 6125 ||| Stepping ~*~*~tactically~*~*~ (outnumbered).
  6136 | D:8      | Killed Pikel
  6654 | D:8      | 6654 ||| READING scroll labelled KONUETSANU.
  6696 | D:9      | 6696 ||| READING scroll of enchant armour.
  6696 | D:9      | 6696 ||| ENCHANTING +1 cloak.
  6707 | D:9      | Reached skill level 13 in Unarmed Combat
  6865 | D:9      | 6865 ||| Stepping ~*~*~tactically~*~*~ (stealth).
  6869 | D:9      | 6869 ||| Stepping ~*~*~tactically~*~*~ (stealth).
  6873 | D:9      | Reached skill level 1 in Armour
  6874 | D:9      | 6874 ||| Stepping ~*~*~tactically~*~*~ (stealth).
  6876 | D:9      | 6876 ||| Stepping ~*~*~tactically~*~*~ (outnumbered).
  6877 | D:9      | 6877 ||| Stepping ~*~*~tactically~*~*~ (outnumbered).
  6878 | D:9      | 6878 ||| Stepping ~*~*~tactically~*~*~ (outnumbered).
  6879 | D:9      | 6879 ||| Stepping ~*~*~tactically~*~*~ (outnumbered).
  6880 | D:9      | 6880 ||| Stepping ~*~*~tactically~*~*~ (outnumbered).
  6881 | D:9      | 6881 ||| INVOKING Fiery Armour.
  6882 | D:9      | 6882 ||| Stepping ~*~*~tactically~*~*~ (outnumbered).
  6883 | D:9      | 6883 ||| Stepping ~*~*~tactically~*~*~ (outnumbered).
  6884 | D:9      | 6884 ||| Stepping ~*~*~tactically~*~*~ (outnumbered).
  6885 | D:9      | 6885 ||| Stepping ~*~*~tactically~*~*~ (outnumbered).
  6886 | D:9      | 6886 ||| Stepping ~*~*~tactically~*~*~ (outnumbered).
  6918 | D:9      | Reached skill level 14 in Unarmed Combat
  7015 | D:9      | 7015 ||| Stepping ~*~*~tactically~*~*~ (stealth).
  7017 | D:9      | 7017 ||| Stepping ~*~*~tactically~*~*~ (hiding).
  7065 | D:9      | 7065 ||| Stepping ~*~*~tactically~*~*~ (hiding).
  7066 | D:9      | 7066 ||| Stepping ~*~*~tactically~*~*~ (hiding).
  7075 | D:9      | 7075 ||| Stepping ~*~*~tactically~*~*~ (outnumbered).
  7076 | D:9      | 7076 ||| Stepping ~*~*~tactically~*~*~ (outnumbered).
  7077 | D:9      | 7077 ||| Stepping ~*~*~tactically~*~*~ (outnumbered).
  7078 | D:9      | 7078 ||| Stepping ~*~*~tactically~*~*~ (outnumbered).
  7079 | D:9      | 7079 ||| Stepping ~*~*~tactically~*~*~ (outnumbered).
  7080 | D:9      | 7080 ||| Stepping ~*~*~tactically~*~*~ (outnumbered).
  7118 | D:9      | Noticed a two-headed ogre
  7129 | D:9      | Killed a two-headed ogre
  7130 | D:9      | Reached skill level 6 in Fighting
  7134 | D:9      | Found a flagged portal.
  7288 | D:9      | 7288 ||| INVOKING Fiery Armour.
  7390 | D:9      | 7390 ||| Stepping ~*~*~tactically~*~*~ (hiding).
  7673 | D:9      | 7673 ||| FLEEEEING.
  7674 | D:9      | 7674 ||| FLEEEEING.
  7675 | D:9      | 7675 ||| FLEEEEING.
  7676 | D:9      | 7676 ||| FLEEEEING.
  7681 | D:9      | 7681 ||| FLEEEEING.
  7682 | D:9      | 7682 ||| FLEEEEING.
  7683 | D:9      | 7683 ||| FLEEEEING.
  7684 | D:9      | 7684 ||| FLEEEEING.
  7685 | D:9      | 7685 ||| FLEEEEING.
  7728 | D:9      | 7728 ||| UPGRADING to +0 kite shield.
  7733 | D:9      | 7733 ||| READING 4 scrolls of identify.
  7733 | D:9      | 7733 ||| IDENTIFYING fuming amethyst potion
  7778 | D:10     | Entered Level 10 of the Dungeon
  7784 | D:10     | 7784 ||| Stepping ~*~*~tactically~*~*~ (hiding).
  7786 | D:10     | 7786 ||| Stepping ~*~*~tactically~*~*~ (hiding).
  7794 | D:10     | 7794 ||| Stepping ~*~*~tactically~*~*~ (outnumbered).
  7795 | D:10     | 7795 ||| Stepping ~*~*~tactically~*~*~ (outnumbered).
  7833 | D:10     | 7833 ||| Stepping ~*~*~tactically~*~*~ (hiding).
  7834 | D:10     | 7834 ||| Stepping ~*~*~tactically~*~*~ (hiding).
  7835 | D:10     | 7835 ||| Stepping ~*~*~tactically~*~*~ (hiding).
  7841 | D:10     | Reached skill level 1 in Shields
  7845 | D:10     | 7845 ||| Stepping ~*~*~tactically~*~*~ (outnumbered).
  7846 | D:10     | 7846 ||| Stepping ~*~*~tactically~*~*~ (outnumbered).
  7848 | D:10     | 7848 ||| Stepping ~*~*~tactically~*~*~ (outnumbered).
  7849 | D:10     | 7849 ||| Stepping ~*~*~tactically~*~*~ (outnumbered).
  7851 | D:10     | 7851 ||| Stepping ~*~*~tactically~*~*~ (outnumbered).
  7852 | D:10     | 7852 ||| Stepping ~*~*~tactically~*~*~ (outnumbered).
  7853 | D:10     | 7853 ||| Stepping ~*~*~tactically~*~*~ (outnumbered).
  7854 | D:10     | 7854 ||| Stepping ~*~*~tactically~*~*~ (outnumbered).
  7855 | D:10     | 7855 ||| Stepping ~*~*~tactically~*~*~ (outnumbered).
  7856 | D:10     | 7856 ||| Stepping ~*~*~tactically~*~*~ (outnumbered).
  7857 | D:10     | 7857 ||| Stepping ~*~*~tactically~*~*~ (outnumbered).
  7858 | D:10     | 7858 ||| Stepping ~*~*~tactically~*~*~ (outnumbered).
  7861 | D:10     | 7861 ||| Stepping ~*~*~tactically~*~*~ (outnumbered).
  7862 | D:10     | 7862 ||| Stepping ~*~*~tactically~*~*~ (outnumbered).
  7863 | D:10     | 7863 ||| Stepping ~*~*~tactically~*~*~ (outnumbered).
  7864 | D:10     | 7864 ||| Stepping ~*~*~tactically~*~*~ (outnumbered).
  7913 | D:10     | Found a staircase to the Orcish Mines.
  7925 | D:10     | Reached XP level 11. HP: 89/105 MP: 11/11
  8016 | D:10     | 8016 ||| Stepping ~*~*~tactically~*~*~ (stealth).
  8055 | D:10     | 8055 ||| FLEEEEING.
  8056 | D:10     | 8056 ||| FLEEEEING.
  8057 | D:10     | 8057 ||| FLEEEEING.
  8058 | D:10     | 8058 ||| FLEEEEING.
  8116 | D:10     | 8116 ||| Stepping ~*~*~tactically~*~*~ (stealth).
  8117 | D:10     | Noticed Erica
  8118 | D:10     | 8118 ||| Stepping ~*~*~tactically~*~*~ (hiding).
  8120 | D:10     | 8120 ||| INVOKING Fiery Armour.
  8130 | D:10     | Killed Erica
  8131 | D:10     | Reached skill level 3 in Shields
  8143 | D:10     | Noticed Fannar
  8156 | D:10     | Killed Fannar
  8179 | D:10     | Noticed Nergalle
  8191 | D:10     | Killed Nergalle
  8330 | D:10     | 8330 ||| Stepping ~*~*~tactically~*~*~ (outnumbered).
  8331 | D:10     | 8331 ||| Stepping ~*~*~tactically~*~*~ (outnumbered).
  8359 | D:10     | 8359 ||| PLANNING CONVERSION TO OKAWARU
  8360 | D:10     | 8360 ||| PLANNING D:1-11
  8365 | D:10     | 8365 ||| READING scroll labelled IGAUNU LESMUOD.
  8517 | D:4      | 8517 ||| Stepping randomly (stuck).
  8521 | D:5      | 8521 ||| Stepping randomly (stuck).
  8533 | D:6      | 8533 ||| Stepping randomly (stuck).
  8534 | D:6      | 8534 ||| PLANNING CONVERSION TO OKAWARU
  8570 | D:5      | 8570 ||| PLANNING D:1-11
  8592 | D:4      | 8592 ||| Stepping randomly (stuck).
  8596 | D:5      | 8596 ||| Stepping randomly (stuck).
  8597 | D:5      | 8597 ||| PLANNING CONVERSION TO OKAWARU
  8617 | D:5      | Fell from the grace of Ignis
  8617 | D:5      | Became a worshipper of Warmaster Okawaru
  8618 | D:5      | 8618 ||| PLANNING D:1-11
  8640 | D:4      | 8640 ||| Stepping randomly (stuck).
  8668 | D:6      | 8668 ||| Stepping randomly (stuck).
  8926 | D:10     | 8926 ||| READING scroll labelled JOX JIBBOAXI YLO.
  8981 | D:11     | 8981 ||| STAIRDANCE
  9011 | D:11     | 9011 ||| Stepping ~*~*~tactically~*~*~ (outnumbered).
  9016 | D:11     | Reached skill level 6 in Shields
  9018 | D:11     | HP: 15/105 [electric eel/bolt of electricity (12)]
  9019 | D:11     | 9019 ||| DRINKING potion of heal wounds.
  9021 | D:11     | HP: 7/105 [electric eel/bolt of electricity (8)]
  9021 | D:11     | HP: 2/105 [electric eel/bolt of electricity (5)]
  9021 | D:11     | Slain by a shadow

Levels and vault maps discovered:
D:1:      wander_arrival_estate, layout_loops_ring, serial_shops, shop,
          minmay_distorted
D:2:      layout_loops_ring, hellmonk_ecumenical_altar_watching_god,
          corner_web_ring, kennysheep_decorative_pillar
D:3:      layout_basic, ebering_ghost_reflecting_pool
D:4:      layout_loops_ring, minmay_temple_entry_slanted, nicolae_titane
D:5:      layout_rooms, okawaru_gym_becter, nicolae_shop_overcharged_wands,
          uniq_blork_the_orc, uniq_ijyb, uniq_menkaure
D:6:      layout_rooms, jmf_multi_god_temple, gup_ossuary_entry_pyramid,
          grunt_ministairs_5
D:7:      layout_layer_cave, serial_rivers, chequers_serial_rivers_small_b,
          chequers_serial_rivers_room_b, chequers_serial_rivers_micro_d,
          chequers_serial_rivers_small_3
D:8:      layout_basic, hangedman_abyss_or_decor_passed, uniq_pikel
D:9:      layout_cave_pods, enter_bailey_3
D:10:     layout_big_octagon, erik_orc_1, hangedman_abyss_or_decor_clamps,
          uniq_fannar, uniq_nergalle, uniq_erica
D:11:     layout_basic, erik_lair_island, serial_shops, shop, amethyst_killhole,
          uniq_lodul

Skill      XL: |  1  2  3  4  5  6  7  8  9 10 11 |
---------------+----------------------------------+-----
Unarmed Combat | 4 5 6 8 9 10 12 14 | 14.1
Fighting       | 3 4 5 6 |  6.2
Throwing       | 1 3 5 |  5.1
Dodging        | 1 |  1.5
Armour         | 1 |  1.1
Shields        | 1 6 |  6.1
Spellcasting   | |  1.0
Fire Magic     | |  2.1

Action                   |  1- 3 |  4- 6 |  7- 9 | 10-12 || total
-------------------------+-------+-------+-------+-------++-------
Melee: Unarmed           |   124 |   118 |   220 |   271 ||   733
       Punch             |     1 |     4 |     9 |     5 ||    19
Throw: Boomerang         |       |    14 |    23 |     9 ||    46
       Large rock        |       |       |    26 |    18 ||    44
Invok: Fiery Armour      |     2 |     4 |     4 |     3 ||    13
  Use: Scroll            |     5 |     2 |     7 |     6 ||    20
       Potion            |       |     2 |     5 |     1 ||     8
Armor: Robe              |    46 |    49 |    94 |   138 ||   327
Dodge: Dodged            |    60 |    40 |    83 |   133 ||   316
Block: Kite shield       |       |       |       |    53 ||    53

Table legend:
 A = Non-vault XP
 B = Vault XP
 C = Vault XP percentage of total XP
 D = Non-vault monster count
 E = Vault monster count
 F = Vault count percentage of total count
                 A         B        C        D         E       F
            +---------+---------+-------+---------+---------+-------
      Total |   10275 |    5078 |  33.1 |     222 |      62 |  21.8
            +---------+---------+-------+---------+---------+-------
        D:1 |      52 |       1 |   1.9 |      30 |       1 |   3.2
        D:2 |      41 |       0 |   0.0 |      17 |       0 |   0.0
        D:3 |     193 |       0 |   0.0 |      19 |       0 |   0.0
        D:4 |     403 |       0 |   0.0 |      29 |       0 |   0.0
        D:5 |    1214 |     302 |  19.9 |      24 |       3 |  11.1
        D:6 |     902 |     231 |  20.4 |      17 |       5 |  22.7
        D:7 |     838 |       0 |   0.0 |      13 |       0 |   0.0
        D:8 |    1402 |     673 |  32.4 |      26 |       1 |   3.7
        D:9 |    3723 |       8 |   0.2 |      30 |       4 |  11.8
       D:10 |    1093 |    3079 |  73.8 |      15 |      20 |  57.1
       D:11 |     414 |     296 |  41.7 |       2 |       1 |  33.3
    Ossuary |       0 |     488 | 100.0 |       0 |      27 | 100.0
            +---------+---------+-------+---------+---------+-------
